 Dungeon Crawl Stone Soup version 0.29-a0-1009-g60c99734e7 (webtiles) character file.

Game seed: 14225824175613441952

1290 inmateoo the Cleaver (level 8, -5/70 HPs)
             Began as a Minotaur Artificer on Aug 8, 2022.
             Was an Initiate of Okawaru.
             Slain by an ogre
             ... wielding a +0 giant club
              (10 damage)
             ... on level 6 of the Dungeon.
             The game lasted 00:06:43 (4594 turns).

inmateoo the Cleaver (Minotaur Artificer)           Turns: 4594, Time: 00:06:44

Health: -5/70      AC: 10    Str: 19    XL:     8   Next: 30%
Magic:  7/7        EV:  7    Int:  8    God:    Okawaru [......]
Gold:   350        SH:  6    Dex: 11    Spells: 7/7 levels left

rFire   + . .      SeeInvis +   b - +0 war axe
rCold   . . .      Faith    .   l - +3 warlock's mirror {reflect}
rNeg    + . .      Spirit   .   B - +0 chain mail
rPois   .          Reflect  +   f - +1 hat {SInv}
rElec   .          Harm     .   o - scarf {repulsion}
rCorr   .          Rampage  .   (no gloves)
Will    .....                   (no boots)
Stlth   ..........              a - amulet of regeneration
HPRegen 1.01/turn               k - ring of protection from fire
MPRegen 0.10/turn               t - ring of positive energy

@: repel missiles
A: horns 2, retaliatory headbutt
a: Renounce Religion


You were on level 6 of the Dungeon.
You worshipped Okawaru.
Okawaru was noncommittal.
You visited 2 branches of the dungeon, and saw 7 of its levels.
You also visited: Ossuary.

You collected 350 gold pieces.

Inventory:

Hand Weapons
 b - a +0 war axe (weapon)
 h - a +1 morningstar
 w - the +9 rapier "Killer Bee's Curse" {venom, rCorr Dex+5}
   (You found it on level 5 of the Dungeon)

   It poisons the flesh of those it strikes.
   Dex:       It affects your dexterity (+5).
   rCorr:     It protects you from acid and corrosion.
Missiles
 q - a throwing net
Armour
 f - a +1 hat of see invisible (worn)
 l - the +3 warlock's mirror (worn) {reflect}
   (You acquired it on level 4 of the Dungeon)

   It can block and reflect piercing ranged attacks and magical attacks against
   the wielder's willpower.
 o - a scarf of repulsion (worn)
 B - a +0 chain mail (worn)
Jewellery
 a - an amulet of regeneration (around neck)
 k - a ring of protection from fire (left hand)
 t - a ring of positive energy (right hand)
 v - a ring of protection from cold
Wands
 c - a wand of flame (17) (quivered)
 d - a wand of charming (11)
 e - a wand of iceblast (4)
Scrolls
 g - 2 scrolls of enchant armour
 j - 2 scrolls of amnesia
 p - a scroll of magic mapping
 y - a scroll of teleportation
Potions
 i - a potion of magic
 m - 2 potions of flight
 n - 7 potions of curing
 r - 5 potions of invisibility
 s - 2 potions of might {unknown}
 u - 3 potions of brilliance {unknown}
 x - 2 potions of cancellation
 z - a potion of resistance
 A - 2 potions of mutation {unknown}


   Skills:
 + Level 6.1 Fighting
 * Level 8.0 Axes
 + Level 0.6 Throwing
 - Level 3.0 Armour
 - Level 3.0 Dodging
 - Level 2.0 Stealth
 + Level 1.5 Shields
 + Level 0.5 Invocations
 - Level 4.0 Evocations


You had 7 spell levels left.
You didn't know any spells.
Your spell library contained the following spells:

 Spells                   Type           Power      Damage    Failure   Level
 Sandblast                Erth           0%         2d4       100%        1
 Passwall                 Tmut/Erth      0%         N/A       100%        2
 Stone Arrow              Conj/Erth      0%         3d7       100%        3


Dungeon Overview and Level Annotations

Branches:
Dungeon (6/15)             Temple (1/1) D:5         Ossuary (visited)

Altars:
Ashenzari
Dithmenos
Fedhas
Gozag
Makhleb
Okawaru
Qazlal
Sif Muna
Trog
Vehumet
Wu Jian
Xom
Zin
The Shining One

Annotations:
D:3 3 runed translucent doors, gabibbone's ghost, amateur TrTm


Innate Abilities, Weirdness & Mutations

You have a pair of horns on your head.
You reflexively headbutt those who attack you in melee.


Message History

You kill the orc!
Okawaru accepts your kill. The orc wizard casts a spell at you.
You resist with some effort.
The orc wizard gestures at you while chanting.
Your +3 warlock's mirror {reflect} reflects the magic dart!
The magic dart hits the orc wizard!
You kill the orc wizard!
Okawaru accepts your kill.
You see here a +1 short sword of electrocution.
The ufetubus hits you but does no damage. x2
The orc priest calls down the wrath of Beogh upon you.
Beogh smites you! The ogre hits you with a +0 giant club.
You block the orc's attack. The orc closely misses you.
Things that are here:
a +0 dagger; a +0 robe; an orc corpse You closely miss the ufetubus.
You slash the ogre! You closely miss the orc. You block the ufetubus's attack.
The ufetubus hits you. The ufetubus closely misses you.
The ufetubus hits you but does no damage.
You block the orc's attack.
You slash the ogre!
The ogre is almost dead.
You hit the ufetubus but do no damage. You closely miss the orc.
The ufetubus hits you but does no damage. x2
The ogre hits you with a +0 giant club!!
You block the orc's attack. The orc closely misses you. The ufetubus hits you.
You block the ufetubus's attack.
You slash the ufetubus!
You kill the ufetubus!
Okawaru accepts your kill.
You barely miss the ogre. You hit the orc.
The ogre hits you with a +0 giant club!!
* * * LOW HITPOINT WARNING * * *
The orc hits you from afar with a +0 trident.
* * * LOW HITPOINT WARNING * * *
You block the orc's attack. The adder bites you but does no damage.
You are too injured to fight recklessly!
The ogre attacks as you move away! The ogre hits you with a +0 giant club!
You die...

#####.####.#
#.#....# #.#...##
#.#<..# ### #...###
.... ###...#
.....## #.#.#
.....oO##########.#
....ooS@)....>....#
.....oo############
....|o. ...$...
....### .... ... ..


You could see an ogre, an orc priest, an adder and 5 orcs.

Vanquished Creatures
  Sigmund (D:5)
  Menkaure (D:4)
  An orc warrior (D:4)
  Blork the orc (D:4)
  2 scorpions
  A wight (Ossuary)
  2 centaur zombies (Ossuary)
  3 hounds (D:4)
  2 jellies (D:5)
  2 iguanas
  4 scorpion zombies (Ossuary)
  Ijyb (D:3)
  3 orc wizards
  6 adders
  2 ufetubi
  An adder zombie (Ossuary)
  A worm (D:2)
  3 dart slugs
  13 orcs
  10 ball pythons
  7 bats
  7 endoplasms
  3 giant cockroaches
  9 gnoll zombies (Ossuary)
  7 goblins
  9 hobgoblins
  3 jackals (D:1)
  4 quokkas
  2 frilled lizards (D:3)
  3 goblin zombies (Ossuary)
  3 hobgoblin zombies (Ossuary)
  6 kobolds
  An orc zombie (Ossuary)
  11 rats
135 creatures vanquished.

Vanquished Creatures (collateral kills)
  2 orcs (D:4)
  A goblin (D:1)
  A frilled lizard (D:1)
  A rat (D:1)
5 creatures vanquished.

Vanquished Creatures (others)
  A ball python (D:3)
  A goblin (D:1)
2 creatures vanquished.

Grand Total: 142 creatures vanquished

Notes
Turn   | Place    | Note
-------+----------+-------------------------------------------
     0 | D:1      | inmateoo the Minotaur Artificer began the quest for the
                  | Orb.
     0 | D:1      | Reached XP level 1. HP: 16/16 MP: 0/0
   192 | D:1      | Reached skill level 1 in Stealth
   208 | D:1      | Reached XP level 2. HP: 22/23 MP: 1/1
   276 | D:1      | You fall into a shaft and drop 1 floor!
   725 | D:1      | Reached XP level 3. HP: 24/29 MP: 2/2
  1085 | D:2      | Found a faded altar of an unknown god.
  1869 | D:3      | Reached XP level 4. HP: 36/36 MP: 3/3
  2054 | D:3      | Found a glowing golden altar of the Shining One.
  2058 | D:3      | Found a blossoming altar of Fedhas.
  2061 | D:3      | Found an opulent altar of Gozag.
  2061 | D:3      | Found a burning altar of Makhleb.
  2073 | D:3      | Found a shadowy altar of Dithmenos.
  2125 | D:3      | Noticed Ijyb
  2128 | D:3      | Killed Ijyb
  2187 | D:3      | Found a runed translucent gate.
  2187 | D:3      | Found a runed translucent gate.
  2187 | D:3      | Found a runed translucent gate.
  2189 | D:3      | Found an opulent altar of Gozag.
  2378 | D:3      | Noticed gabibbone's ghost (amateur TrTm)
  2378 | D:3      | Noticed a necrophage
  2714 | D:3      | Identified a scroll of acquirement
  2714 | D:3      | Acquired a +0 hat of see invisible
  2801 | D:4      | Noticed Menkaure
  2805 | D:4      | Killed Menkaure
  2806 | D:4      | Reached skill level 2 in Axes
  2806 | D:4      | Reached XP level 5. HP: 44/44 MP: 4/4
  2816 | D:4      | Reached skill level 3 in Axes
  2816 | D:4      | Reached XP level 6. HP: 51/51 MP: 5/5
  2830 | D:4      | Noticed an orc warrior
  2852 | D:5      | Entered Level 5 of the Dungeon
  2854 | D:5      | Noticed Sigmund
  2857 | D:5      | Killed Sigmund
  2858 | D:5      | Reached skill level 4 in Axes
  2876 | D:5      | Reached skill level 5 in Axes
  2876 | D:5      | Reached XP level 7. HP: 29/59 MP: 6/6
  2936 | D:5      | Found a sand-covered staircase.
  2944 | Ossuary  | Entered an ossuary
  3073 | Ossuary  | Reached skill level 6 in Axes
  3093 | Ossuary  | Reached skill level 5 in Fighting
  3106 | Ossuary  | Noticed a silent spectre
  3263 | D:4      | Reached skill level 7 in Axes
  3296 | D:4      | Reached XP level 8. HP: 67/70 MP: 7/7
  3496 | D:4      | Found a stormy altar of Qazlal.
  3637 | D:4      | Acquired the +3 warlock's mirror {reflect}
  3637 | D:4      | Found the +3 warlock's mirror {reflect}
  3647 | D:4      | Noticed Blork the orc
  3650 | D:4      | Found a broken altar of Ashenzari.
  3653 | D:4      | Killed Blork the orc
  3750 | D:4      | Reached skill level 1 in Shields
  3925 | D:5      | Found a staircase to the Ecumenical Temple.
  3928 | D:5      | Identified the +9 rapier "Killer Bee's Curse" {venom, rCorr
                  | Dex+5}
  3965 | Temple   | Entered the Ecumenical Temple
  3984 | Temple   | Became a worshipper of Warmaster Okawaru
  4169 | D:5      | Reached skill level 8 in Axes
  4594 | D:6      | Slain by an ogre

Illustrated notes

Levels and vault maps discovered:
D:1:      amcnicky_arrival_double_pillar, layout_rooms, minmay_misc_feat_rows,
          minmay_rat_gold_closets
D:2:      layout_basic, shapermc_ecumenical_altar_mp_highgroup
D:3:      layout_loops_ring, nicolae_overflow_hallway_of_the_gods,
          ebering_ghost_gozag, chequers_arboretum, lemuel_flame_loot_1,
          uniq_ijyb
D:4:      layout_loops_cross, mainiacjoe_overflow_alcove_2,
          nicolae_overflow_crystal_walls, uniq_menkaure, uniq_blork_the_orc
D:5:      layout_basic, minmay_temple_entry_tees, nicolae_ossuary_entry_plus,
          sigmund_army, uniq_sigmund
D:6:      layout_basic, serial_shops, shop, lightli_corner_chamber
Temple:   chequers_temple_sunken

Skill      XL: |  1  2  3  4  5  6  7  8 |
---------------+-------------------------+-----
Stealth        | 1 2 |  2.0
Evocations     | 3 4 |  4.0
Fighting       | 2 3 4 5 6 |  6.1
Armour         | 3 |  3.0
Dodging        | 2 3 |  3.0
Axes           | 2 3 5 7 8 |  8.0
Shields        | 1 |  1.5
Throwing       | |  0.6
Invocations    | |  0.5

Action                   |  1- 3 |  4- 6 |  7- 9 || total
-------------------------+-------+-------+-------++-------
Melee: Club              |     9 |       |       ||     9
       Headbutt          |    13 |     7 |    33 ||    53
       Punch             |     1 |       |     4 ||     5
       Dagger            |   129 |    14 |       ||   143
       Hand axe          |       |    37 |   116 ||   153
       War axe           |       |       |    71 ||    71
Evoke: Wand              |     4 |    11 |     6 ||    21
  Use: Scroll            |       |    10 |    10 ||    20
Armor: Leather armour    |     3 |       |       ||     3
       Ring mail         |    36 |     3 |       ||    39
       Chain mail        |       |    24 |   136 ||   160
Dodge: Dodged            |    69 |    27 |   104 ||   200
       Repelled          |     1 |       |       ||     1
Block: Buckler           |       |       |    37 ||    37
       Reflection        |       |       |     4 ||     4

Table legend: (Time is in decaauts)
 A = Elapsed time spent in this place.
 B = Non-inter-level travel time spent in this place.
 C = Inter-level travel time spent in this place.
 D = Time resting spent in this place.
 E = Time spent auto-exploring this place.
 F = Levels seen in this place.
 G = Mean time per level.
                   A        B        C        D        E       F      G
               +--------+--------+--------+--------+--------+-----+--------+
         Total |   4600 |   4412 |    188 |    425 |   2686 |   8 |  575.0 |
       Dungeon |   4368 |   4180 |    188 |    425 |   2674 |   6 |  728.0 |
        Temple |     28 |     28 |      0 |      0 |     11 |   1 |   28.0 |
       Ossuary |    202 |    202 |      0 |      0 |      1 |   1 |  202.0 |
               +--------+--------+--------+--------+--------+-----+--------+

Top non-repeatable levels by time:
     D:3: 974 daAuts
     D:2: 960 daAuts
     D:1: 836 daAuts
     D:5: 796 daAuts
     D:4: 744 daAuts
 Ossuary: 202 daAuts
     D:6: 57 daAuts
  Temple: 28 daAuts
